 Dungeon Sprint DCSS version 0.17-a0-1646-geb1493d (webtiles) character file.

98508 Kidiri the Imperceptible (level 14, -3/59 HPs)
             Began as a Spriggan Enchanter on Aug 11, 2015.
             Was the Champion of Dithmenos.
             Slain by Mara (illusionary)
             ... wielding a +5 demon blade of freezing
              (22 damage)
             ... in the Dungeon (Sprint III: "The Ten Rune Challenge").
             The game lasted 01:24:18 (10298 turns).

Kidiri the Imperceptible (Spriggan Enchanter)      Turns: 10298, Time: 01:24:18

Health: -3/59      AC:  4    Str:  4    XL:     14   Next: 94%
Magic:  4/38       EV: 41    Int: 22    God:    Dithmenos [******]
Gold:   1236       SH:  0    Dex: 24    Spells: 13 memorised, 3 levels left

rFire  x . .     SeeInvis +     C - +1 rapier of Semimo {pierce, MR+ Dex+3}
rCold  + + .     Clarity  +     D - +2 robe {rC+}
rNeg   . . .     SustAt   .     (shield restricted)
rPois  +         Gourm    .     d - +0 hat {MR+}
rElec  .         Spirit   .     (no cloak)
rCorr  .         Warding  .     (gloves unavailable)
rMut   .         NoTele   +     (boots unavailable)
MR     ++++.                    z - amulet "Favizel" {+Rage Str+2}
Stlth  ++++++++++               B - ring of Giolocs {Int+3 Dex+2 Stlth+}
                                h - ring "Ugosysiu" {Ice +Blink +Inv SInv}

@: wreathed by umbra, very quick, incredibly resistant to hostile enchantments,
uncannily stealthy
A: unfitting armour, beak, camouflage 1, see invisible, clarity, herbivore 3,
speed 3, poison resistance, slow metabolism 2, weak 1
a: Shadow Step, Shadow Form, Renounce Religion, Evoke Blink, Evoke Berserk Rage,
Evoke Invisibility
}: 2/10 runes: decaying, serpentine


You were in the Dungeon.
You worshipped Dithmenos.
Dithmenos was exalted by your worship.
You were not hungry.

You visited 1 branch You collected 1332 gold pieces.
You spent 96 gold pieces at shops.

Inventory:

Hand weapons
 C - the +1 rapier of Semimo (weapon) {pierce, MR+ Dex+3}
   (You found it in the Dungeon)

   It inflicts extra damage upon your enemies.
   It affects your dexterity (+3).
   It affects your resistance to hostile enchantments.
Armour
 d - a +0 hat of magic resistance (worn)
 D - a +2 robe of cold resistance (worn)
Jewellery
 h - the ring "Ugosysiu" (left hand) {Ice +Blink +Inv SInv}
   (You found it in the Dungeon)

   [ring of ice]

   It enhances your ice magic, and weakens your fire magic.
   It makes you vulnerable to fire.
   It protects you from cold.
   It lets you see invisible.
   It lets you turn invisible.
   It lets you blink.
 z - the amulet "Favizel" (around neck) {+Rage Str+2}
   (You found it in the Dungeon)

   [amulet of rage]

   It affects your strength (+2).
   It lets you go berserk.
 B - the ring of Giolocs (right hand) {Int+3 Dex+2 Stlth+}
   (You found it in the Dungeon)

   [ring of intelligence]

   It affects your intelligence (+3).
   It affects your dexterity (+2).
   It makes you more stealthy.
Magical devices
 m - a wand of magic darts (22)
Scrolls
 c - 4 scrolls of amnesia {unknown}
 n - 4 scrolls of remove curse
 s - a scroll of recharging {unknown}
 x - 3 scrolls of silence {unknown}
Potions
 e - 2 potions of curing
 f - a potion of degeneration {unknown}
 g - 2 potions of haste
 i - 2 potions of berserk rage
 p - 3 potions of cure mutation
 q - a potion of flight
 r - 2 potions of resistance {unknown}
 t - a potion of agility {unknown}
Books
 j - a book of Annihilations

   Spells                             Type                      Level
   a - Poison Arrow                   Conjuration/Poison           6
   b - Chain Lightning                Conjuration/Air              8
   c - Lehudib's Crystal Spear        Conjuration/Earth            8
   d - Glaciate                       Conjuration/Ice              9
   e - Fire Storm                     Conjuration/Fire             9
 u - a book of Air

   Spells                             Type                      Level
   a - Shock                          Conjuration/Air              1
   b - Swiftness                      Charms/Air                   2
   c - Repel Missiles                 Charms/Air                   2
   d - Static Discharge               Conjuration/Air              3
   e - Lightning Bolt                 Conjuration/Air              5
 v - a book of Conjurations

   Spells                             Type                      Level
   a - Magic Dart                     Conjuration                  1
   b - Searing Ray                    Conjuration                  2
   c - Dazzling Spray                 Conjuration/Hexes            3
   d - Fulminant Prism                Conjuration/Hexes            4
   e - Iskenderun's Mystic Blast      Conjuration                  4
   f - Iskenderun's Battlesphere      Conjuration/Charms           5
Comestibles
 l - 6 fruits
 o - 23 royal jellies


   Skills:
 + Level 13.0 Short Blades
 * Level 22.0 Dodging
 * Level 23.6 Stealth
 * Level 19.2 Spellcasting
 + Level 9.2 Conjurations
 + Level 14.2 Hexes
 + Level 15.0 Charms
 + Level 9.3 Summonings
 + Level 8.6 Necromancy
 + Level 14.1 Transmutations
 + Level 9.9 Ice Magic
 + Level 9.5 Air Magic
 - Level 5.0 Invocations
 + Level 4.5 Evocations


You had 3 spell levels left.
You knew the following spells:

 Your Spells              Type           Power        Failure   Level  Hunger
a - Corona                Hex            ######.      0%          1    None
b - Ensorcelled Hibernat  Hex/Ice        ######       1%          2    None
c - Confuse               Hex            ######..     1%          3    None
d - Tukima's Dance        Hex            ######..     1%          3    None
e - Dazzling Spray        Conj/Hex       ######..     1%          3    None
f - Ozocubu's Armour      Chrm/Ice       #######.     1%          3    None
g - Ice Form              Ice/Trmt       #######.     1%          4    None
h - Summon Ice Beast      Ice/Summ       #######.     1%          4    None
i - Freezing Cloud        Conj/Ice/Air   #######...   10%         6    ####...
j - Simulacrum            Ice/Necr       #######...   10%         6    ####...
k - Throw Frost           Conj/Ice       ######       1%          2    None
l - Metabolic Englaciati  Hex/Ice        #######...   1%          5    None
m - Bolt of Cold          Conj/Ice       #######...   10%         6    ####...


Dungeon Overview and Level Annotations

Branches:
Dungeon (1/1)

Altars:
Cheibriados
Dithmenos
Elyvilon
Fedhas
Gozag
Kikubaaqudgha
Makhleb
Nemelex Xobeh
Okawaru
Qazlal
Ru
Sif Muna
Trog
Vehumet
Xom
Yredelemnul
Zin
The Shining One
Jiyva
Lugonu

Shops:
D [:!(!(}?!%*[}:%%=(}

Annotations:
D Mara


Innate Abilities, Weirdness & Mutations

You are tiny and cannot use many weapons and most armour.
You have supernaturally acute eyesight.
You are a herbivore.
You cover ground extremely quickly.
You need consume almost no food.
You have a beak for a mouth.
Your skin changes colour to match your surroundings (Stealth).
You possess an exceptional clarity of mind.
Your system is resistant to poisons.
You are weak. (Str -2)


Message History

Mara gestures at you. The bolt of fire misses you.
You hit Mara.
Mara is severely wounded.
Mara gestures.
Mara blinks!
Kidiri's illusion completely misses you.
Unknown command.
You closely miss Mara. Your peck misses Mara.
Mara is severely wounded.
Unknown command.
You miss Mara.
Mara is severely wounded.
Kidiri's illusion completely misses you.
Unknown command.
Mara closely misses you.
Unknown command.
You open the door.
Mara hits you with a demon blade of freezing!!
You die...

♣♣.♣♣.≈...♣
#.#..§.§§.#.§§§..#.#
♣♣≈≈♣♣♣♣♣♣.♣
#.#...§§..###++###..
♣.≈..§§§§§≈♣
#.....§§§.#§§§§⌠.#).
♣..≈§.§§§.≈♣
#########§#§§§...###
♣.♣......≈.♣
#.#.#.#.#§§§§....#
♣♣♣♣♣♣♣♣∩∩∩♣
#......§§§§.§§...#
♣♣♣♣♣
#...([..§§§§§§...#
###'##############
##.@R## §§≈# ##.R@.R##
≈≈.≈#
..#'###...Y..§###....§#
..'...+....§.§§..R.....
'###...§..§#####..≈#
##.....## # ##...##
##+## .≈≈


You could see 3 Maras, an ice beast and Kidiri's illusion.

Vanquished Creatures
  Norris (D)
  Sigmund (D)
  Rupert (D)
  A lich (D)
  A deep elf master archer (D)
  An Executioner (D)
  Gastronok (D)
  Chuck (D)
  A greater naga (D)
  Maud (D)
  2 dire elephants (D)
  2 deep elf demonologists (D)
  A deep elf annihilator (D)
  A deep elf death mage (D)
  A mummy priest (D)
  Josephine (D)
  A fire dragon (D)
  A deep elf high priest (D)
  3 hydras (D)
  A yaktaur captain (D)
  A naga warrior (D)
  6 ice dragons (D)
  3 anacondas (D)
  2 centaur warriors (D)
  4 death yaks (D)
  4 dancing weapons (D)
  2 skeletal warriors (D)
  A spriggan druid (D)
  An unseen horror (D)
  An obsidian statue (D)
  4 deep elf conjurers (D)
  A lindwurm (D)
  7 ugly things (D)
  A death drake (D)
  2 hornets (D)
  A faun (shapeshifter) (D)
  4 crystal guardians (D)
  An orc sorcerer (D)
  2 elephants (D)
  2 spiny frogs (D)
  An iron troll simulacrum (D)
  6 black mambas (D)
  A guardian serpent (D)
  A molten gargoyle (D)
  4 statues (D)
  Edmund (D)
  A komodo dragon (D)
  3 deep elf priests (D)
  A queen bee (D)
  3 wandering mushrooms (D)
  A fire drake (D)
  4 spriggan defenders (D)
  2 orc high priests (D)
  8 blink frogs (D)
  3 slime creatures (D)
  A shadow (D)
  3 redbacks (D)
  A redback (shapeshifter) (D)
  2 spriggans (D)
  A spatial vortex (D)
  2 nagas (D)
  2 hydra simulacra (D)
  6 water moccasins (D)
  3 orc warriors (D)
  A wasp (D)
  A swamp drake (D)
  A necrophage (D)
  2 centaurs (D)
  An earth elemental (D)
  2 brain worms (D)
  A water elemental (D)
  32 killer bees (D)
  An electric eel (D)
  A jelly (D)
  2 orc priests (D)
  Jessica (D)
  A necromancer (D)
  A wolf (D)
  A wizard (D)
  3 humans (D)
  A kobold demonologist (D)
  2 adders (D)
  2 swamp drake simulacra (D)
  An ooze (D)
  14 orcs (D)
  2 rats (D)
  4 bushes (D)
  8 plants (D)
221 creatures vanquished.

Vanquished Creatures (others)
  4 deep elf blademasters (D)
  2 draconian scorchers (D)
  Nessos (D)
  A shadow wraith (D)
  A giant orange brain (D)
  6 ball lightnings (D)
  A stone giant skeleton (D)
  3 yaktaurs (D)
  4 ballistomycetes (D)
  2 giant spores (D)
  39 plants (D)
64 creatures vanquished.

Grand Total: 285 creatures vanquished

Notes
Turn   | Place    | Note
--------------------------------------------------------------
     0 | D        | Kidiri the Spriggan Enchanter began the quest for the Orb.
     0 | D        | Reached XP level 1. HP: 9/9 MP: 5/5
     5 | D        | Reached skill level 5 in Stealth
    12 | D        | Noticed Jessica
    15 | D        | Killed Jessica
    15 | D        | Reached skill level 5 in Dodging
    15 | D        | Reached skill level 6 in Stealth
    15 | D        | Reached XP level 2. HP: 13/13 MP: 5/8
    15 | D        | Reached XP level 3. HP: 16/16 MP: 6/10
    29 | D        | Learned a level 2 spell: Ensorcelled Hibernation
    33 | D        | Learned a level 3 spell: Confuse
    37 | D        | Learned a level 3 spell: Tukima's Dance
    80 | D        | Noticed a wolf
   102 | D        | Killed a wolf
   102 | D        | Reached skill level 5 in Spellcasting
   109 | D        | Learned a level 3 spell: Dazzling Spray
   150 | D        | Killed a yaktaur
   219 | D        | Killed a white draconian scorcher
   340 | D        | Reached skill level 7 in Stealth
   340 | D        | Reached skill level 1 in Ice Magic
   340 | D        | Reached XP level 4. HP: 11/21 MP: 5/12
   370 | D        | Gained mutation: You are weak. (Str -2) [potion of mutation]
   370 | D        | Gained mutation: Your skin changes colour to match your surroundings (Stealth). [potion of mutation]
   371 | D        | Gained mutation: You possess an exceptional clarity of mind. [potion of mutation]
   371 | D        | Gained mutation: Your system is resistant to poisons. [potion of mutation]
   371 | D        | Gained mutation: You have a beak for a mouth. [potion of mutation]
   550 | D        | Killed a white draconian scorcher
   611 | D        | Noticed a water elemental
   614 | D        | Killed a water elemental
   614 | D        | Reached skill level 8 in Stealth
   614 | D        | Reached skill level 1 in Conjurations
   614 | D        | Reached skill level 5 in Hexes
   629 | D        | Noticed a jelly
   630 | D        | Noticed a shadow
   632 | D        | Killed a shadow
   632 | D        | Reached skill level 9 in Dodging
   632 | D        | Reached skill level 10 in Stealth
   632 | D        | Reached XP level 5. HP: 24/24 MP: 14/16
   632 | D        | Reached XP level 6. HP: 28/28 MP: 14/17
   635 | D        | Killed a jelly
   642 | D        | Found a stormy altar of Qazlal.
   643 | D        | Found a sacrificial altar of Ru.
   643 | D        | Found a burning altar of Makhleb.
   643 | D        | Found a viscous altar of Jiyva.
   643 | D        | Found a shimmering altar of Xom.
   643 | D        | Found a shadowy altar of Dithmenos.
   643 | D        | Found a sparkling altar of Nemelex Xobeh.
   643 | D        | Found a corrupted altar of Lugonu.
   643 | D        | Found an opulent altar of Gozag.
   643 | D        | Noticed a spatial vortex
   647 | D        | Became a worshipper of Dithmenos the Shadowed
   648 | D        | Killed a spatial vortex
   648 | D        | Reached skill level 5 in Short Blades
   648 | D        | Reached skill level 1 in Invocations
   673 | D        | Found a radiant altar of Vehumet.
   674 | D        | Found a deep blue altar of Sif Muna.
   674 | D        | Found an ancient bone altar of Kikubaaqudgha.
   674 | D        | Noticed a wizard
   679 | D        | Reached skill level 10 in Dodging
   679 | D        | Reached skill level 11 in Stealth
   680 | D        | Killed a wizard
   692 | D        | Learned a level 3 spell: Ozocubu's Armour
   697 | D        | Learned a level 4 spell: Ice Form
   706 | D        | Found a glowing silver altar of Zin.
   764 | D        | Found a glowing golden altar of the Shining One.
   764 | D        | Found a white marble altar of Elyvilon.
   764 | D        | Noticed a deep elf priest
   766 | D        | Killed a deep elf priest
   766 | D        | Reached XP level 7. HP: 32/32 MP: 18/20
   778 | D        | Found an iron altar of Okawaru.
   779 | D        | Found a bloodstained altar of Trog.
   779 | D        | Noticed a human
   779 | D        | Noticed a human
   790 | D        | Killed a human
   790 | D        | Reached skill level 12 in Stealth
   802 | D        | Killed a human
   866 | D        | Learned a level 4 spell: Summon Ice Beast
   871 | D        | Found a snail-covered altar of Cheibriados.
   871 | D        | Noticed a necrophage
   872 | D        | Found a basalt altar of Yredelemnul.
   872 | D        | Found a blossoming altar of Fedhas.
   872 | D        | Noticed a necromancer
   873 | D        | Killed a necrophage
   873 | D        | Reached XP level 8. HP: 36/36 MP: 22/22
   874 | D        | Killed a necromancer
   874 | D        | Acquired Dithmenos's first power
   893 | D        | Noticed Josephine
   895 | D        | Killed Josephine
   895 | D        | Reached skill level 13 in Stealth
   895 | D        | Reached skill level 10 in Spellcasting
   895 | D        | Reached skill level 5 in Charms
   895 | D        | Reached skill level 1 in Summonings
   901 | D        | Noticed an earth elemental
   904 | D        | Killed an earth elemental
   909 | D        | Noticed a centaur
   909 | D        | Noticed a centaur warrior
   909 | D        | Noticed a centaur
   911 | D        | Killed a centaur
   911 | D        | Reached XP level 9. HP: 39/39 MP: 24/24
   913 | D        | Killed a centaur warrior
   913 | D        | Acquired Dithmenos's second power
   913 | D        | Reached skill level 14 in Stealth
   913 | D        | Reached skill level 5 in Transmutations
   914 | D        | Killed a centaur
   932 | D        | Noticed an unseen horror
   934 | D        | Killed an unseen horror
   934 | D        | Reached skill level 5 in Ice Magic
   943 | D        | Learned a level 6 spell: Freezing Cloud
  1051 | D        | Noticed a killer bee
  1051 | D        | Noticed a killer bee
  1051 | D        | Noticed a killer bee
  1051 | D        | Noticed a killer bee
  1051 | D        | Noticed a killer bee
  1051 | D        | Noticed a killer bee
  1051 | D        | Noticed a killer bee
  1051 | D        | Noticed a killer bee
  1051 | D        | Noticed a killer bee
  1051 | D        | Noticed a killer bee
  1051 | D        | Noticed a killer bee
  1051 | D        | Noticed a killer bee
  1051 | D        | Noticed a killer bee
  1051 | D        | Noticed a queen bee
  1051 | D        | Noticed a killer bee
  1052 | D        | Noticed a killer bee
  1052 | D        | Noticed a killer bee
  1052 | D        | Noticed a killer bee
  1052 | D        | Noticed a killer bee
  1052 | D        | Noticed a killer bee
  1052 | D        | Noticed a killer bee
  1052 | D        | Noticed a killer bee
  1052 | D        | Noticed a killer bee
  1052 | D        | Noticed a killer bee
  1052 | D        | Noticed a killer bee
  1052 | D        | Noticed a killer bee
  1052 | D        | Noticed a killer bee
  1052 | D        | Noticed a killer bee
  1052 | D        | Noticed a killer bee
  1052 | D        | Noticed a killer bee
  1052 | D        | Noticed a killer bee
  1052 | D        | Noticed a killer bee
  1052 | D        | Noticed a killer bee
  1053 | D        | Killed a killer bee
  1055 | D        | Killed a killer bee
  1059 | D        | Killed a killer bee
  1059 | D        | Acquired Dithmenos's third power
  1063 | D        | Killed a killer bee
  1065 | D        | Killed a killer bee
  1068 | D        | Killed a killer bee
  1071 | D        | Killed a killer bee
  1073 | D        | Killed a killer bee
  1073 | D        | Reached skill level 5 in Invocations
  1076 | D        | Killed a killer bee
  1076 | D        | Acquired Dithmenos's fourth power
  1076 | D        | Reached skill level 1 in Air Magic
  1078 | D        | Killed a killer bee
  1213 | D        | Killed a killer bee
  1217 | D        | Killed a killer bee
  1219 | D        | Killed a killer bee
  1221 | D        | Killed a killer bee
  1224 | D        | Killed a killer bee
  1224 | D        | Reached XP level 10. HP: 41/44 MP: 12/26
  1226 | D        | Killed a killer bee
  1228 | D        | Killed a killer bee
  1230 | D        | Killed a killer bee
  1232 | D        | Killed a killer bee
  1234 | D        | Killed a killer bee
  1236 | D        | Killed a killer bee
  1370 | D        | Killed a killer bee
  1374 | D        | Killed a killer bee
  1381 | D        | Killed a killer bee
  1381 | D        | Reached skill level 15 in Stealth
  1385 | D        | Killed a killer bee
  1387 | D        | Killed a killer bee
  1389 | D        | Killed a killer bee
  1391 | D        | Killed a killer bee
  1393 | D        | Killed a killer bee
  1395 | D        | Killed a killer bee
  1528 | D        | Killed a killer bee
  1531 | D        | Killed a queen bee
  1536 | D        | Killed a killer bee
  1618 | D        | Noticed a wandering mushroom
  1621 | D        | Noticed a wandering mushroom
  1621 | D        | Noticed a wandering mushroom
  1624 | D        | Killed a wandering mushroom
  1627 | D        | Killed a wandering mushroom
  1629 | D        | Killed a wandering mushroom
  1665 | D        | Noticed a spiny frog
  1665 | D        | Noticed a komodo dragon
  1665 | D        | Noticed a spiny frog
  1914 | D        | Killed a spiny frog
  1918 | D        | Killed a spiny frog
  1918 | D        | Reached skill level 5 in Conjurations
  1922 | D        | Killed a komodo dragon
  1987 | D        | Noticed a redback
  1989 | D        | Killed a redback
  1990 | D        | Noticed a brain worm
  1993 | D        | Killed a brain worm
  1999 | D        | Noticed a brain worm
  2001 | D        | Killed a brain worm
  2004 | D        | Noticed a lindwurm
  2006 | D        | Noticed a redback
  2007 | D        | Killed a lindwurm
  2007 | D        | Reached skill level 16 in Stealth
  2009 | D        | Killed a redback
  2015 | D        | Noticed a redback
  2016 | D        | Killed a redback
  2017 | D        | Noticed Maud
  2023 | D        | Killed Maud
  2023 | D        | Reached skill level 15 in Dodging
  2023 | D        | Reached skill level 10 in Hexes
  2023 | D        | Reached XP level 11. HP: 38/47 MP: 24/29
  2031 | D        | Learned a level 6 spell: Simulacrum
  2184 | D        | Noticed a swamp drake
  2184 | D        | Noticed a fire drake
  2185 | D        | Killed a fire drake
  2187 | D        | Killed a swamp drake
  2200 | D        | Noticed a blink frog
  2200 | D        | Noticed a blink frog
  2200 | D        | Noticed a blink frog
  2207 | D        | Killed a blink frog
  2209 | D        | Killed a blink frog
  2210 | D        | Noticed a blink frog
  2213 | D        | Killed a blink frog
  2214 | D        | Noticed a blink frog
  2215 | D        | Killed a blink frog
  2215 | D        | Reached skill level 1 in Necromancy
  2218 | D        | Killed a blink frog
  2301 | D        | Noticed Rupert
  2303 | D        | Killed Rupert
  2303 | D        | Reached skill level 17 in Stealth
  2303 | D        | Reached skill level 5 in Summonings
  2332 | D        | Learned a level 2 spell: Throw Frost
  2333 | D        | Noticed a death yak
  2334 | D        | Noticed a death yak
  2334 | D        | Noticed a blink frog
  2335 | D        | Killed a death yak
  2346 | D        | Noticed a death yak
  2349 | D        | Killed a death yak
  2349 | D        | Reached skill level 5 in Air Magic
  2351 | D        | Killed a blink frog
  2352 | D        | Noticed a blink frog
  2353 | D        | Noticed a death yak
  2354 | D        | Noticed a blink frog
  2491 | D        | Noticed a black mamba
  2491 | D        | Killed a blink frog
  2491 | D        | Reached skill level 10 in Charms
  2495 | D        | Noticed a black mamba
  2496 | D        | Killed a black mamba
  2680 | D        | Killed a death yak
  2814 | D        | Killed a blink frog
  2814 | D        | Reached skill level 18 in Stealth
  2847 | D        | Noticed an azure jelly
  2847 | D        | Noticed an azure jelly
  2853 | D        | Killed a black mamba
  2867 | D        | Killed a death yak
  2867 | D        | Reached XP level 12. HP: 51/51 MP: 2/31
  3015 | D        | Noticed a water moccasin
  3015 | D        | Noticed a black mamba
  3015 | D        | Noticed an anaconda
  3015 | D        | Noticed a water moccasin
  3017 | D        | Killed an anaconda
  3017 | D        | Reached skill level 10 in Transmutations
  3018 | D        | Killed a water moccasin
  3020 | D        | Killed a black mamba
  3023 | D        | Killed a water moccasin
  3043 | D        | Noticed a black mamba
  3043 | D        | Noticed a water moccasin
  3043 | D        | Noticed an anaconda
  3043 | D        | Noticed a black mamba
  3043 | D        | Noticed a black mamba
  3043 | D        | Noticed a water moccasin
  3044 | D        | Killed an anaconda
  3049 | D        | Killed a black mamba
  3049 | D        | Reached skill level 10 in Short Blades
  3053 | D        | Killed a water moccasin
  3056 | D        | Killed a water moccasin
  3161 | D        | Noticed a water moccasin
  3173 | D        | Killed a black mamba
  3173 | D        | Reached skill level 15 in Spellcasting
  3175 | D        | Killed a water moccasin
  3177 | D        | Killed a black mamba
  3268 | D        | Noticed a water moccasin
  3268 | D        | Noticed an anaconda
  3275 | D        | Killed a water moccasin
  3278 | D        | Killed an anaconda
  3332 | D        | Noticed a naga
  3332 | D        | Noticed a naga
  3333 | D        | Noticed a naga warrior
  3333 | D        | Noticed a greater naga
  3333 | D        | Found Fotagg's Antique Armour Boutique.
  3333 | D        | Found Puitahi's Book Emporium.
  3334 | D        | Killed a naga
  3335 | D        | Killed a naga
  3336 | D        | Found Nenunweyc's Distillery.
  3337 | D        | Killed a naga warrior
  3338 | D        | Killed a greater naga
  3338 | D        | Reached skill level 19 in Stealth
  3352 | D        | Noticed a guardian serpent
  3355 | D        | Killed a guardian serpent
  3356 | D        | Got a serpentine rune of Zot
  3431 | D        | Noticed an azure jelly
  3431 | D        | Noticed an azure jelly
  3432 | D        | Noticed an elephant
  3432 | D        | Noticed an elephant
  3432 | D        | Noticed a dire elephant
  3432 | D        | Noticed a dire elephant
  3432 | D        | Noticed Gastronok
  3434 | D        | Killed Gastronok
  3435 | D        | Killed a dire elephant
  3437 | D        | Killed a dire elephant
  3440 | D        | Killed an elephant
  3442 | D        | Killed an elephant
  3442 | D        | Reached skill level 5 in Necromancy
  3451 | D        | Learned a level 5 spell: Metabolic Englaciation
  3515 | D        | Noticed an electric eel
  3516 | D        | Noticed an eight-headed hydra
  3516 | D        | Noticed a four-headed hydra
  3518 | D        | Killed an electric eel
  3520 | D        | Killed an eight-headed hydra
  3520 | D        | Reached XP level 13. HP: 55/55 MP: 24/34
  3521 | D        | Killed a four-headed hydra
  3532 | D        | Noticed a death drake
  3534 | D        | Killed a death drake
  3581 | D        | Noticed an ice dragon
  3597 | D        | Killed an ice dragon
  3597 | D        | Reached skill level 20 in Stealth
  3603 | D        | Noticed an ice dragon
  3608 | D        | Noticed an ice dragon
  3609 | D        | Killed an ice dragon
  3619 | D        | Noticed an ice dragon
  3624 | D        | Killed an ice dragon
  3632 | D        | Killed an ice dragon
  3691 | D        | Found Oliry's Distillery.
  3691 | D        | Found Feoxkebb's Antique Weapon Shop.
  3695 | D        | Noticed an ice dragon
  3695 | D        | Found Dauttioj's Gadget Shoppe.
  3957 | D        | Killed a six-headed hydra simulacrum
  3985 | D        | Killed a six-headed hydra
  3986 | D        | Noticed an ice dragon
  4022 | D        | Killed an ice dragon
  4094 | D        | Killed an ice dragon
  4131 | D        | Got a decaying rune of Zot
  4312 | D        | Found a blossoming altar of Fedhas.
  4312 | D        | Noticed a spriggan
  4312 | D        | Noticed a spriggan druid
  4312 | D        | Noticed a spriggan
  4314 | D        | Killed a spriggan
  4315 | D        | Killed a spriggan druid
  4316 | D        | Killed a spriggan
  4328 | D        | Killed a yaktaur
  4398 | D        | Noticed Sigmund
  4398 | D        | Noticed Edmund
  4401 | D        | Killed Sigmund
  4404 | D        | Killed Edmund
  4435 | D        | Noticed an orc high priest
  4435 | D        | Noticed an orc priest
  4436 | D        | Noticed an orc high priest
  4436 | D        | Noticed an orc priest
  4437 | D        | Killed an orc priest
  4438 | D        | Killed an orc high priest
  4440 | D        | Killed an orc priest
  4446 | D        | Killed an orc high priest
  4626 | D        | Noticed a spriggan defender
  4627 | D        | Noticed a spriggan defender
  4627 | D        | Noticed a spriggan defender
  4642 | D        | Killed a spriggan defender
  4642 | D        | Reached skill level 21 in Stealth
  4647 | D        | Killed a spriggan defender
  4721 | D        | Noticed a spriggan defender
  4726 | D        | Killed a spriggan defender
  4950 | D        | Noticed a hornet
  4956 | D        | Killed a hornet
  4961 | D        | Noticed a wasp
  4970 | D        | Noticed an obsidian statue
  4982 | D        | Killed a wasp
  4984 | D        | Killed a spriggan defender
  4990 | D        | Noticed a crystal guardian
  4990 | D        | Noticed a crystal guardian
  4990 | D        | Noticed a crystal guardian
  4990 | D        | Noticed a crystal guardian
  4991 | D        | Killed a crystal guardian
  4992 | D        | Noticed a fire elementalist statue
  4993 | D        | Killed a crystal guardian
  4994 | D        | Noticed a water elementalist statue
  4995 | D        | Killed a crystal guardian
  4996 | D        | Noticed an air elementalist statue
  4997 | D        | Killed a crystal guardian
  5089 | D        | Found Kazur's Gadget Emporium.
  5089 | D        | Found Ytiuq's Food Shop.
  5089 | D        | Found Daugit's Assorted Antiques.
  5089 | D        | Found Teozu's Gadget Shoppe.
  5089 | D        | Found Suzucax's Antique Armour Boutique.
  5089 | D        | Found Muivofes's Book Emporium.
  5089 | D        | Found Puomuryu's Food Shoppe.
  5089 | D        | Found Ypumip's Antique Weapon Shop.
  5089 | D        | Found Ufea's Distillery.
  5089 | D        | Found Goarhap's Jewellery Emporium.
  5089 | D        | Found Herostoo's Magic Scroll Emporium.
  5089 | D        | Found Zesmus's Food Boutique.
  5169 | D        | Killed an obsidian statue
  5244 | D        | Killed a ball lightning
  5244 | D        | Killed a ball lightning
  5244 | D        | Killed a ball lightning
  5244 | D        | Killed a ball lightning
  5244 | D        | Killed a shadow wraith
  5244 | D        | Killed a ball lightning
  5244 | D        | Killed a ball lightning
  5343 | D        | Killed a yaktaur
  5479 | D        | Killed Nessos
  5510 | D        | Noticed a brown ugly thing
  5512 | D        | Killed a brown ugly thing
  5521 | D        | Noticed a green ugly thing
  5522 | D        | Noticed a green ugly thing
  5522 | D        | Noticed a slime creature
  5523 | D        | Killed a green ugly thing
  5525 | D        | Killed a green ugly thing
  5530 | D        | Killed a deep elf blademaster
  5537 | D        | Killed a slime creature
  5543 | D        | Killed a deep elf blademaster
  5563 | D        | Noticed a redback
  5564 | D        | Noticed a fire dragon
  5565 | D        | Killed a redback
  5568 | D        | Killed a fire dragon
  5577 | D        | Noticed a centaur warrior
  5581 | D        | Killed a centaur warrior
  5603 | D        | Noticed a slime creature
  5605 | D        | Killed a slime creature
  5615 | D        | Noticed a vampiric halberd
  5615 | D        | Noticed a war axe of venom
  5615 | D        | Noticed a flail of protection
  5616 | D        | Noticed a war axe of flaming
  5617 | D        | Killed a war axe of venom
  5671 | D        | Killed a deep elf blademaster
  5896 | D        | Killed a war axe of flaming
  6089 | D        | Killed a vampiric halberd
  6089 | D        | Reached XP level 14. HP: 36/59 MP: 23/36
  6128 | D        | Killed a flail of protection
  6130 | D        | Killed a deep elf blademaster
  6344 | D        | Noticed an Executioner
  6349 | D        | Killed an Executioner
  6365 | D        | Noticed an earth elementalist statue
  6365 | D        | Noticed an eight-headed hydra simulacrum
  6366 | D        | Noticed a molten gargoyle
  6381 | D        | Killed a molten gargoyle
  6381 | D        | Reached skill level 22 in Stealth
  6382 | D        | Noticed a hornet
  6383 | D        | Killed an eight-headed hydra simulacrum
  6386 | D        | Noticed a mummy priest
  6394 | D        | Killed a hornet
  6431 | D        | Killed a mummy priest
  6818 | D        | Noticed a skeletal warrior
  6870 | D        | HP: 2/59 [skeletal warrior/falchion (24)]
  6876 | D        | Killed a skeletal warrior
  7047 | D        | Noticed a skeletal warrior
  7060 | D        | Killed a skeletal warrior
  7432 | D        | Killed a giant orange brain
  7683 | D        | Noticed a yaktaur
  7718 | D        | Noticed an orc warrior
  7718 | D        | Noticed an orc sorcerer
  7718 | D        | Noticed an orc warrior
  7718 | D        | Noticed an orc warrior
  7718 | D        | Found Torph's Antique Weapon Shop.
  7724 | D        | Killed an orc sorcerer
  7725 | D        | Killed an orc warrior
  7730 | D        | Killed an orc warrior
  7737 | D        | HP: 2/59 [orc warrior/long sword (23)]
  7777 | D        | Killed an orc warrior
  8132 | D        | Noticed a deep elf conjurer
  8132 | D        | Noticed a deep elf conjurer
  8132 | D        | Noticed a deep elf priest
  8132 | D        | Noticed a deep elf priest
  8132 | D        | Noticed a deep elf conjurer
  8151 | D        | Killed a deep elf conjurer
  8153 | D        | Killed a deep elf conjurer
  8160 | D        | Killed a deep elf priest
  8160 | D        | Killed a deep elf priest
  8162 | D        | Killed a deep elf conjurer
  8236 | D        | Noticed a deep elf demonologist
  8275 | D        | Learned a level 6 spell: Bolt of Cold
  8278 | D        | Killed a deep elf demonologist
  8279 | D        | Noticed a deep elf annihilator
  8279 | D        | Killed a deep elf annihilator
  8438 | D        | Noticed a deep elf conjurer
  8440 | D        | Noticed a deep elf death mage
  8442 | D        | Killed a deep elf death mage
  8442 | D        | Killed a deep elf conjurer
  8464 | D        | Noticed a deep elf demonologist
  8465 | D        | Killed a deep elf demonologist
  8725 | D        | Bought a potion of heal wounds for 60 gold pieces
  8725 | D        | Bought a potion of flight for 36 gold pieces
  8808 | D        | Noticed a deep elf master archer
  8810 | D        | Noticed a deep elf high priest
  8811 | D        | Killed a deep elf master archer
  8813 | D        | Killed a deep elf high priest
  8817 | D        | Got a shimmering ivory ring
  8825 | D        | Got a crude amethyst amulet
  8829 | D        | Got a sparkling lapis lazuli ring
  8830 | D        | Identified the ring "Ugosysiu" {Ice +Blink +Inv SInv} (You found it in the Dungeon)
  8831 | D        | Identified the amulet "Favizel" {+Rage Str+2} (You found it in the Dungeon)
  8832 | D        | Identified the ring of Giolocs {Int+3 Dex+2 Stlth+} (You found it in the Dungeon)
  8835 | D        | Got an ichor-stained rapier
  8836 | D        | Identified the cursed +1 rapier of Semimo {pierce, MR+ Dex+3} (You found it in the Dungeon)
  9074 | D        | Noticed a yaktaur captain
  9085 | D        | Killed a yaktaur captain
  9091 | D        | Noticed a slime creature
  9098 | D        | Killed a slime creature
  9098 | D        | Reached skill level 1 in Evocations
  9108 | D        | Noticed Chuck
  9109 | D        | Noticed a faun
  9112 | D        | Killed a faun
  9119 | D        | Killed Chuck
  9119 | D        | Reached skill level 23 in Stealth
  9252 | D        | Killed a stone giant skeleton
  9291 | D        | Noticed a red ugly thing
  9291 | D        | Noticed a red ugly thing
  9292 | D        | Noticed Norris
  9293 | D        | Killed a red ugly thing
  9295 | D        | Killed a red ugly thing
  9336 | D        | Killed Norris
  9618 | D        | Noticed a cyan ugly thing
  9620 | D        | Killed a cyan ugly thing
  9627 | D        | Noticed a cyan ugly thing
  9627 | D        | Noticed a lich
  9629 | D        | Killed a lich
  9631 | D        | Killed a cyan ugly thing
  9631 | D        | Reached skill level 15 in Charms
  9959 | D        | Killed a fire elementalist statue
  9960 | D        | Killed a water elementalist statue
  9964 | D        | Killed an air elementalist statue
  9969 | D        | Noticed a titan zombie
  9973 | D        | Noticed an iron troll simulacrum
  9990 | D        | Killed an earth elementalist statue
 10003 | D        | Killed an iron troll simulacrum
 10162 | D        | Noticed Mara
 10165 | D        | Noticed Kidiri's illusion
 10282 | D        | Noticed Kidiri's illusion
 10284 | D        | Killed Kidiri's illusion
 10289 | D        | Noticed Kidiri's illusion
 10298 | D        | Slain by Mara (illusionary)

Vault maps used:
D:        dungeon_sprint_mu

Action                   |  1- 3 |  4- 6 |  7- 9 | 10-12 | 13-15 || total
-------------------------+-------+-------+-------+-------+-------++-------
Melee: Dagger            |     6 |     7 |    41 |   113 |   161 ||   328
       Quick blade       |       |       |       |       |    96 ||    96
       Rapier            |       |       |       |       |    87 ||    87
 Cast: Ensorcelled Hiber |     5 |     1 |    22 |    47 |     6 ||    81
       Confuse           |     2 |       |     1 |     8 |    22 ||    33
       Dazzling Spray    |       |     5 |     1 |    34 |   111 ||   151
       Ozocubu's Armour  |       |       |       |     1 |     3 ||     4
       Throw Frost       |       |       |       |     2 |     6 ||     8
       Freezing Cloud    |       |       |       |       |    22 ||    22
       Bolt of Cold      |       |       |       |       |     6 ||     6
       Metabolic Englaci |       |       |       |       |     1 ||     1
Invok: Shadow Step       |       |       |       |    12 |    14 ||    26
 Abil: Evoke Blink       |       |       |       |       |     5 ||     5
       Evoke Invisibilit |       |       |       |       |     1 ||     1
  Use: Potion            |     1 |     2 |       |     1 |     9 ||    13
       Scroll            |       |     2 |       |       |     3 ||     5
 Stab: Sleeping          |     5 |     5 |    23 |    63 |    34 ||   130
       Invisible         |       |     1 |     2 |     6 |    15 ||    24
       Confused          |       |       |     2 |     3 |     8 ||    13
  Eat: Bread ration      |       |       |       |     1 |       ||     1
       Royal jelly       |       |       |       |       |     4 ||     4
       Fruit             |       |       |       |       |     2 ||     2
